 Dungeon Crawl Stone Soup version 0.29.1-1-gd02db69 (webtiles) character file.

Game seed: 17862975060057583347

112 bonegar the Sneak (level 4, -1/38 HPs)
             Began as a Naga Enchanter on Mar 14, 2023.
             Slain by an orc
             ... wielding a +0 dagger
              (2 damage)
             ... on level 3 of the Dungeon.
             The game lasted 00:18:14 (3802 turns).

bonegar the Sneak (Naga Enchanter)                  Turns: 3802, Time: 00:18:15

Health: -1/38      AC:  3    Str: 10    XL:     4   Next: 93%
Magic:  3/6        EV: 10    Int: 16    God:
Gold:   109        SH:  0    Dex: 13    Spells: 5/7 levels left

rFire   . . .      SeeInvis +   a - +1 dagger
rCold   . . .      Faith    .   (no shield)
rNeg    . . .      Spirit   .   b - +0 robe
rPois   +          Reflect  .   (no helmet)
rElec   .          Harm     .   h - +0 cloak
rCorr   .          Rampage  .   (no gloves)
Will    .....                   (no barding)
Stlth   +++.......              (no amulet)
HPRegen 0.12/turn               (no ring)
MPRegen 0.10/turn               (no ring)

@: very slow
A: AC +1, large, see invisible, deformed body, poison resistance, slowness 2,
spit poison 1, naga tail 1, low MP 1
a: Spit Poison


You were on level 3 of the Dungeon.
You visited 1 branch of the dungeon, and saw 4 of its levels.

You collected 109 gold pieces.

Inventory:

Hand Weapons
 a - a +1 dagger (weapon)
 e - a +0 whip
Missiles
 k - 10 poisoned darts (quivered)
Armour
 b - a +0 robe (worn)
 h - a +0 cloak (worn)
 n - a +0 buckler
Magical Staves
 f - a staff of conjuration
Jewellery
 m - a ring of poison resistance
Wands
 i - a wand of polymorph (8)
Scrolls
 c - 2 scrolls of blinking {unknown}
 d - a scroll of fear {unknown}
 j - 3 scrolls of identify {unknown}
 o - a scroll of poison {unknown}
 p - a scroll of silence {unknown}
 q - a scroll of amnesia {unknown}
 r - a scroll of vulnerability {unknown}
Potions
 g - a potion of resistance


   Skills:
 + Level 1.2 Fighting
 + Level 2.1 Short Blades
 + Level 2.2 Dodging
 + Level 5.7 Stealth
 + Level 2.2 Spellcasting
 + Level 3.4 Hexes


You had 5 spell levels left.
You knew the following spells:

 Your Spells              Type           Power      Damage    Failure   Level
a - Ensorcelled Hibernat  Hex/Ice        14%        N/A       16%         2

Your spell library contained the following spells:

 Spells                   Type           Power      Damage    Failure   Level
 Confusing Touch          Hex            12%        N/A       16%         3
 Tukima's Dance           Hex            12%        N/A       16%         3
 Dazzling Flash           Conj/Hex       14%        N/A       30%         3


Dungeon Overview and Level Annotations

Branches:
Dungeon (4/15)
 Temple: D:4-7

Altars:

Shops:
D:1 :


Innate Abilities, Weirdness & Mutations

Your serpentine skin is tough. (AC +1)
You have supernaturally acute eyesight. (SInv)
Armour fits poorly on your strangely shaped body.
Your system is resistant to poisons. (rPois)
You cover ground very slowly.
You can spit poison.
You have a snake-like lower body.
Your magical capacity is low. (-10% MP)


Message History

Unknown command.
It was a potion of mutation.
You feel extremely strange.
You feel less energetic.
You feel very sick.
The orc throws a boomerang.
The boomerang hits you.
Aiming: Polymorph
Press: ? - help, Shift-Dir - straight line, f/p - orc
Aim: an orc, wielding a +1 trident of venom, wearing a +0 ring mail and quivering boomerangs (will become a dart slug, an endoplasm, or a quokka, chance to affect: 66%)
The orc evaporates and reforms as a dart slug!
You feel sick.
You feel sick.
Your magical contamination has completely faded away.
You feel sick.
You feel sick.
You feel sick.
You are no longer poisoned.
The dart slug launches a dart at you. The slug dart hits you.
* * * LOW HITPOINT WARNING * * *
The orc attacks as you move away! The orc hits you with a +0 dagger.
* * * LOW HITPOINT WARNING * * *
There is a stone staircase leading up here.
The orc hits you but does no damage.
You climb upwards.
There is a stone staircase leading down here.
Hit: a) +1 dagger
Press: ? - help, Dir - move target, f - orc
Aim: an orc, wielding a +0 dagger and wearing a +0 ring mail (about 32% to evade your +1 dagger)
You barely miss the orc. The orc barely misses you.
Hit: a) +1 dagger
Press: ? - help, Dir - move target, f/p - orc
Aim: an orc, wielding a +0 dagger and wearing a +0 ring mail (about 32% to evade your +1 dagger)
You hit the orc but do no damage. The orc hits you with a +0 dagger.
* * * LOW HITPOINT WARNING * * *
Unknown command.
You barely miss the orc. The orc closely misses you.
You hit the orc.
The orc is moderately wounded.
The orc hits you with a +0 dagger.
You die...

#### ######...
####........
#####....####...
#.....#### #...
##########.#####
#... #.....##.o.##
####
#.###.##@...##
###'###.##.##..#
#....##.##.###.###
#....##....# #...#
#....####### ###.#
###.######### #.#
###'###.....# #.#
#####
#....##.....# #.#
#...#
#....##.....#
#.####...#


You could see an orc.

Vanquished Creatures
  A gnoll (D:1)
  4 adders (D:2)
  3 worms (D:2)
  A dart slug (D:1)
  An orc (D:4)
  3 endoplasms
  2 giant cockroaches
  3 goblins
  7 hobgoblins
  3 jackals (D:1)
  10 kobolds
  A quokka (D:1)
  6 ball pythons
  5 bats
  A frilled lizard (D:2)
  3 rats
54 creatures vanquished.

Notes
Turn   | Place    | Note
-------+----------+-------------------------------------------
     0 | D:1      | bonegar the Naga Enchanter began the quest for the Orb.
     0 | D:1      | Reached XP level 1. HP: 15/15 MP: 3/3
    43 | D:1      | Reached XP level 2. HP: 22/22 MP: 5/5
    89 | D:1      | Reached skill level 5 in Stealth
   594 | D:1      | Found a faded altar of an unknown god.
   873 | D:1      | Found Cappor's Book Shop.
   893 | D:1      | Reached XP level 3. HP: 20/28 MP: 6/6
  2169 | D:2      | Reached XP level 4. HP: 17/37 MP: 7/7
  2564 | D:2      | Learned a level 2 spell: Ensorcelled Hibernation
  2799 | D:2      | Reached skill level 1 in Fighting
  3788 | D:4      | Gained mutation: Your magical capacity is low. (-10% MP)
                  | [potion of mutation]
  3796 | D:4      | HP: 1/38 [orc/+0 dagger (1)]
  3802 | D:3      | Slain by an orc

Illustrated notes

Levels and vault maps discovered:
D:1:      dpeg_arrival_shrine, layout_loops_cross,
          shapermc_ecumenical_altar_starsandcircs, serial_shops,
          nicolae_shop_hallway_stairs
D:2:      wad_crossroads, layout_rooms
D:3:      layout_basic
D:4:      layout_loops_ring, lemuel_zombie_altar_kikubaaqudgha,
          nicolae_ru_path_of_blood, minivault_24, st_stairs_6,
          uniq_blork_the_orc

Skill      XL: |  1  2  3  4 |
---------------+-------------+-----
Stealth        | 5 |  5.7
Dodging        | 2 |  2.2
Fighting       | 1 |  1.2
Short Blades   | 2 |  2.1
Spellcasting   | |  2.2
Hexes          | |  3.4

Action                   |  1- 3 |  4- 6 || total
-------------------------+-------+-------++-------
Melee: Dagger            |   161 |    83 ||   244
       Punch             |     5 |     2 ||     7
Throw: Dart              |       |    18 ||    18
 Cast: Ensorcelled Hiber |       |     2 ||     2
Evoke: Wand              |       |     1 ||     1
  Use: Potion            |     6 |     2 ||     8
 Stab: Sleeping          |     6 |     8 ||    14
       Invisible         |     1 |       ||     1
Armor: Robe              |    44 |    14 ||    58
Dodge: Dodged            |   100 |    30 ||   130
